 Dungeon Crawl Stone Soup version 0.19.5 (webtiles) character file.

429 Nelagord the Skirmisher (level 6, -2/57 HPs)
             Began as a Minotaur Fighter on Mar 16, 2017.
             Slain by an ogre
             ... wielding a +0 giant club
              (6 damage)
             ... on level 4 of the Dungeon.
             The game lasted 00:09:50 (3522 turns).

Nelagord the Skirmisher (Minotaur Fighter)          Turns: 3522, Time: 00:09:51

Health: -2/57      AC:  8    Str: 23 (25) XL:     6   Next: 66%
Magic:  5/5        EV:  9    Int:  3 (5)  God:
Gold:   170        SH:  0    Dex: 11 (12) Spells: 0 memorised, 5 levels left

rFire  . . .     SeeInvis .     r - +3 dagger (venom)
rCold  . . .     Gourm    .     b - +1 scale mail
rNeg   . . .     Faith    .     c - +0 shield
rPois  .         Spirit   .     (helmet restricted)
rElec  .         Reflect  .     (no cloak)
rCorr  .         Harm     .     (no gloves)
MR     .....                    w - -1 pair of boots
Stlth  ..........               (no amulet)
                                (no ring)
                                (no ring)

@: confused, mighty, drained
A: retaliatory headbutt, horns 2
a: no special abilities


You were on level 4 of the Dungeon.
You were not hungry.

You visited 1 branch of the dungeon, and saw 4 of its levels.

You collected 170 gold pieces.

Inventory:

Hand Weapons
 a - a +0 war axe
 r - a +3 dagger of venom (weapon)
Missiles
 p - 7 javelins (quivered)
Armour
 b - a +1 scale mail (worn)
 c - a +0 shield (worn)
 i - a cursed +0 leather armour
 w - a -1 pair of boots (worn)
Magical Staves
 j - an uncursed staff of summoning
Jewellery
 e - an uncursed ring of fire {unknown}
 u - a +5 ring of dexterity {unknown}
 v - a +3 ring of dexterity {unknown}
Scrolls
 g - a scroll of blinking
 n - a scroll of remove curse
Potions
 h - a potion of cure mutation
 m - 2 potions of invisibility
 o - a potion of ambrosia {unknown}
Comestibles
 f - 2 bread rations
 l - a beef jerky
 t - 4 fruits


   Skills:
 + Level 6.1(5.8) Fighting
 - Level 2.4(2.1) Axes
 + Level 5.6(5.3) Armour
 + Level 4.4(4.2) Dodging
 - Level 3.6(3.3) Shields


You had 5 spell levels left.
You didn't know any spells.

Dungeon Overview and Level Annotations

Branches:
Dungeon (4/15)
 Temple: D:4-7

Altars:

Shops:
D:4 *


Innate Abilities, Weirdness & Mutations

You reflexively headbutt those who attack you in melee.
You have a pair of horns on your head.


Message History

You block the orc's attack.
An ogre comes into view. It is wielding a giant club.
You hit the orc.
You kill the orc!
You barely miss the orc. You block the orc's attack.
You hit the orc.
The orc is poisoned.
You headbutt the orc.
You kill the orc!
You puncture the orc!
You kill the orc!
You hit the orc wizard.
The orc wizard is poisoned.
The orc wizard is lightly wounded.
The orc wizard points at you and mumbles some strange words.
You are confused.
You hit the orc wizard.
The orc wizard is heavily wounded.
The orc wizard barely misses you.
You miss the orc wizard.
The orc wizard is heavily wounded.
The ogre hits you with a giant club.
You die...

##
.#########################
.#..#...'.................
.#..#...#........O.)......
.#..'...#.......@o)†......
.#########..#######).##...
.#..##..##..##.### ..#
.#..#............# .=..
.#..#............# ...O.
.#..#............# .......
.#..#............# .......
.'..#..>....)....# .......
.#########'#######


You could see an ogre and an orc wizard.

Vanquished Creatures
  An ice beast (D:3)
  An orc priest (D:4)
  2 iguanas (D:4)
  3 worker ants
  A mummy (D:4)
  A gnoll (D:1)
  5 adders
  An ooze (D:3)
  2 worms
  5 dart slugs
  2 leopard geckos
  12 orcs
  7 bats
  3 giant cockroaches
  7 goblins
  7 hobgoblins
  3 jackals (D:2)
  A quokka (D:3)
  2 ball pythons
  A ball python skeleton (D:4)
  3 frilled lizards
  A hobgoblin zombie (D:4)
  7 kobolds
  An orc zombie (D:4)
  15 rats
94 creatures vanquished.

Notes
Turn   | Place    | Note
-------+----------+-------------------------------------------
     0 | D:1      | Nelagord the Minotaur Fighter began the quest for the Orb.
     0 | D:1      | Reached XP level 1. HP: 19/19 MP: 0/0
   152 | D:1      | Reached skill level 1 in Dodging
   160 | D:1      | Reached XP level 2. HP: 27/27 MP: 1/1
   520 | D:1      | Reached skill level 4 in Fighting
   544 | D:1      | HP: 1/27 [poisoned by a kobold]
   594 | D:1      | Reached XP level 3. HP: 5/33 MP: 2/2
  1979 | D:3      | Reached XP level 4. HP: 36/41 MP: 3/3
  2137 | D:3      | Noticed an ice beast
  2147 | D:3      | Killed an ice beast
  2147 | D:3      | Reached skill level 5 in Fighting
  2147 | D:3      | Reached XP level 5. HP: 25/48 MP: 4/4
  2409 | D:3      | Reached skill level 5 in Armour
  3133 | D:4      | Reached XP level 6. HP: 56/56 MP: 5/5
  3186 | D:4      | Found Wizxoliph's General Store.
  3329 | D:4      | Found a sand-covered staircase.
  3505 | D:4      | HP: 1/57 [orc priest/nerve-wracking pain (12)]
  3506 | D:4      | Reached skill level 6 in Fighting
  3522 | D:4      | Slain by an ogre

Skill      XL: |  1  2  3  4  5  6 |
---------------+-------------------+-----
Dodging        | 1 2 3 4 |  4.4
Fighting       | 4 5 6 |  6.1
Armour         | 4 5 |  5.6
Axes           | |  2.4
Shields        | |  3.6

Action                   |  1- 3 |  4- 6 || total
-------------------------+-------+-------++-------
Melee: War axe           |    93 |    81 ||   174
       Headbutt          |    15 |    31 ||    46
       Dagger            |       |    59 ||    59
  Use: Scroll            |       |     9 ||     9
       Potion            |       |     5 ||     5
  Eat: Bread ration      |     1 |     1 ||     2
Armor: Scale mail        |    48 |    54 ||   102
Dodge: Dodged            |    39 |    49 ||    88
Block: Shield            |    44 |    69 ||   113
